 Dungeon Crawl Stone Soup version 0.30-a0-715-gdb4ae3ece1 (webtiles) character file.

Game seed: 17960261675475428610

653 NinjaNoafa the Sneak (level 7, 0/43 HPs)
             Began as an Octopode Ice Elementalist on Jan 24, 2023.
             Slain by yumyumyeen's ghost (6 damage)
             ... on level 3 of the Dungeon.
             The game lasted 00:14:53 (5236 turns).

NinjaNoafa the Sneak (Octopode Ice Elementalist)    Turns: 5236, Time: 00:14:54

Health: 0/43       AC:  1    Str:  7    XL:     7   Next: 54%
Magic:  3/12       EV: 13    Int: 19    God:
Gold:   245        SH:  0    Dex: 13    Spells: 6/13 levels left

rFire   . . .      SeeInvis .    c - +0 dagger
rCold   . . .      Faith    .    (no shield)
rNeg    . . .      Spirit   .    (helmet restricted)
rPois   .          Reflect  .    (no amulet)
rElec   .          Harm     .    (no ring)
rCorr   .          Rampage  .    (no ring)
Will    .....                    (no ring)
Stlth   ++++                     (no ring)
HPRegen 0.27/turn                (no ring)
MPRegen 0.13/turn                (no ring)
                                 (no ring)
                                 (no ring)

@: no status effects
A: almost no armour, amphibious, 8 rings, camouflage 1, gelatinous body 1,
(nimble swimmer 1), tentacles
a: no special abilities


You were on level 3 of the Dungeon.
You visited 1 branch of the dungeon, and saw 3 of its levels.

You collected 245 gold pieces.

Inventory:

Hand Weapons
 c - a +0 dagger (weapon)
Missiles
 i - 2 javelins
 t - 6 poisoned darts
Jewellery
 x - a +5 ring of evasion
Wands
 m - a wand of iceblast (14)
 v - a wand of flame (11)
Scrolls
 b - 3 scrolls of teleportation {unknown}
 d - 2 scrolls of enchant weapon {unknown}
 g - a scroll of immolation
 j - 3 scrolls of identify {unknown}
 l - 3 scrolls of blinking {unknown}
 n - a scroll of noise {unknown}
 o - a scroll of enchant armour {unknown}
 u - a scroll of vulnerability {unknown}
 w - a scroll of brand weapon {unknown}
Potions
 a - a potion of magic
 e - a potion of flight {unknown}
 f - 2 potions of attraction {unknown}
 h - 2 potions of might {unknown}
 k - a potion of lignification {unknown}
 p - a potion of heal wounds {unknown}
 q - a potion of curing
 r - 2 potions of mutation {unknown}


   Skills:
 + Level 1.5 Fighting
 + Level 2.7 Dodging
 - Level 6.5 Stealth
 + Level 1.5 Unarmed Combat
 - Level 3.9 Spellcasting
 - Level 2.3 Summonings
 - Level 5.0 Ice Magic
 + Level 1.6 Evocations


You had 6 spell levels left.
You knew the following spells:

 Your Spells              Type           Power      Damage    Failure   Level
a - Freeze                Ice            88%        1d9       1%          1
b - Frozen Ramparts       Ice            44%        1d7       5%          3
c - Ozocubu's Armour      Ice            22%        N/A       5%          3

Your spell library contained the following spells:

 Spells                   Type           Power      Damage    Failure   Level
 Foxfire                  Conj/Fire      12%        2x1d4     14%         1
 Summon Ice Beast         Ice/Summ       17%        N/A       30%         4
 Fireball                 Conj/Fire      1%         3d3       98%         5
 Starburst                Conj/Fire      1%         6d3       100%        6


Dungeon Overview and Level Annotations

Branches:
Dungeon (3/15)

Altars:
Uskayaw

Annotations:
D:3 yumyumyeen's ghost, weakling DsGl


Innate Abilities, Weirdness & Mutations

You cannot wear most types of armour.
You are amphibious.
You can wear up to eight rings at the same time.
Your skin changes colour to match your surroundings (Stealth+).
Your rubbery body absorbs attacks. (AC +1, EV +1)
((You are camouflaged when in or above water. (Stealth+)))
You have tentacles for arms and can constrict up to eight enemies at once.


Message History

Yumyumyeen's ghost burns you.
* * * LOW HITPOINT WARNING * * *
The heat melts your icy armour.
You feel yourself speed up.
The wall freezes yumyumyeen's ghost.
Yumyumyeen's ghost hits you but does no damage.
Your icy armour and frozen ramparts will break if you move.
Continue?
Your icy armour cracks and falls away as you move.
The frozen ramparts melt away as you move.
There is an open door here.
Okay, then.
There is an open door here.
Casting: Freeze (safe; 1% risk of failure)
Confirm with . or Enter, or press ? or * to list all spells.
You can't see any susceptible monsters within range! (Use Z to cast anyway.)
You are too injured to fight recklessly!
Casting: Freeze (safe; 1% risk of failure)
Confirm with . or Enter, or press ? or * to list all spells.
A film of ice covers your body!
Casting: Ozocubu's Armour (dangerous; 5% risk of failure)
Confirm with . or Enter, or press ? or * to list all spells.
Casting: Frozen Ramparts (dangerous; 5% risk of failure)
Press: ? - help, Dir - look around, f - activate The walls around you are covered in ice.
Your icy armour and frozen ramparts will break if you move.
Continue?
Your icy armour cracks and falls away as you move.
The frozen ramparts melt away as you move.
Casting: Frozen Ramparts (dangerous; 5% risk of failure)
Confirm with . or Enter, or press ? or * to list all spells.
You don't have enough magic to cast this spell.
Unknown command.
Yumyumyeen's ghost threatens to break your skull.
Your extra speed is starting to run out.
There is an open door here.
Yumyumyeen's ghost wails, "You will never get the ORB!"
You feel yourself slow down.
Yumyumyeen's ghost attacks as you move away!
Yumyumyeen's ghost hits you!
* * * LOW HITPOINT WARNING * * *
Yumyumyeen's ghost burns you.
You die...

....#.##...## ##.## #.#
....#.......## #.# #.##
_............## ##.## #)..
....#.........####...###########.
....#.........'.................W
...##.........####...###########.
.####........######...[# #.
...............W.#####.### #.
########...#####@####....# #.
##.## #.##....#.# #. #.#
#######'####.# ## #########.#
#..#.......#.#
........#.###.##.⌠...⌠.#.# #
..#####....##.##.......#.# #
..#####.....#..'...⌠...'.# #
......#...)....#.......### #
..###.#.#.###.##.⌠...⌠.# #


You could see yumyumyeen's ghost.

Vanquished Creatures
  A scorpion (D:3)
  A howler monkey (D:3)
  4 hounds (D:3)
  2 orc wizards (D:3)
  6 adders (D:2)
  20 gnolls
  3 worms (D:2)
  A dart slug (D:1)
  18 orcs (D:3)
  9 endoplasms
  A giant cockroach (D:3)
  9 goblins
  8 hobgoblins
  13 jackals
  3 quokkas
  9 ball pythons
  3 bats
  5 frilled lizards
  6 kobolds
  5 rats
127 creatures vanquished.

Vanquished Creatures (others)
  A fungus (D:3)
  2 plants (D:3)
3 creatures vanquished.

Grand Total: 130 creatures vanquished

Notes
Turn   | Place    | Note
-------+----------+-------------------------------------------
     0 | D:1      | NinjaNoafa the Octopode Ice Elementalist began the quest
                  | for the Orb.
     0 | D:1      | Reached XP level 1. HP: 11/11 MP: 3/3
    83 | D:1      | Reached skill level 3 in Stealth
   165 | D:1      | Reached XP level 2. HP: 17/17 MP: 3/5
   716 | D:1      | Reached skill level 4 in Stealth
   716 | D:1      | Reached XP level 3. HP: 8/21 MP: 5/7
  1341 | D:2      | Reached XP level 4. HP: 23/27 MP: 4/8
  1639 | D:2      | Reached skill level 5 in Stealth
  1992 | D:2      | Reached XP level 5. HP: 19/31 MP: 5/10
  2060 | D:2      | Learned a level 3 spell: Frozen Ramparts
  2064 | D:2      | Learned a level 3 spell: Ozocubu's Armour
  2258 | D:3      | Found a faded altar of an unknown god.
  2477 | D:3      | Reached skill level 6 in Stealth
  2721 | D:3      | Reached XP level 6. HP: 22/36 MP: 1/11
  3261 | D:3      | Found a runed translucent door.
  3262 | D:3      | Noticed yumyumyeen's ghost (weakling DsGl)
  3377 | D:3      | Reached skill level 1 in Summonings
  3601 | D:3      | HP: 1/36 [something (4)]
  3903 | D:3      | Reached skill level 5 in Ice Magic
  4048 | D:3      | Reached XP level 7. HP: 41/41 MP: 9/12
  4151 | D:3      | Found a hide-covered altar of Uskayaw.
  4573 | D:3      | Reached skill level 1 in Fighting
  4573 | D:3      | Reached skill level 1 in Unarmed Combat
  4573 | D:3      | Reached skill level 1 in Evocations
  5236 | D:3      | Slain by yumyumyeen's ghost

Illustrated notes

Levels and vault maps discovered:
D:1:      lemuel_arrival_cross, layout_loops_ring
D:2:      layout_loops_ring, minmay_pentomino_v4
D:3:      lemuel_castle_with_subvaults [lemuel_castle_interior_original],
          layout_loops_corners, old_standard_altar,
          chequers_ecumenical_altar_simple, ebering_ghost_inner_flame,
          minmay_fountain_box, minmay_box_of_dots

Skill      XL: |  1  2  3  4  5  6  7 |
---------------+----------------------+-----
Stealth        | 3 4 5 6 |  6.5
Spellcasting   | 3 |  3.9
Summonings     | 2 |  2.3
Ice Magic      | 5 |  5.0
Fighting       | 1 |  1.5
Unarmed Combat | 1 |  1.5
Evocations     | 1 |  1.6
Dodging        | |  2.7

Action                     |  1- 3 |  4- 6 |  7- 9 || total
---------------------------+-------+-------+-------++-------
  Melee: Unarmed           |     5 |       |       ||     5
         Constrict         |     8 |    14 |     1 ||    23
         Dagger            |    13 |    44 |     4 ||    61
         Tentacles         |     5 |    12 |       ||    17
         Punch             |       |     1 |       ||     1
   Cast: Freeze            |    38 |    84 |    23 ||   145
         Frozen Ramparts   |       |    17 |    15 ||    32
         Ozocubu's Armour  |       |     8 |    11 ||    19
    Use: Potion            |       |     1 |     1 ||     2
   Stab: Sleeping          |     4 |     4 |       ||     8
 Armour: Skin              |     3 |     7 |     9 ||    19
  Dodge: Dodged            |    25 |    69 |    28 ||   122

Table legend: (Time is in decaauts)
 A = Elapsed time spent in this place.
 B = Non-inter-level travel time spent in this place.
 C = Inter-level travel time spent in this place.
 D = Time resting spent in this place.
 E = Time spent auto-exploring this place.
 F = Levels seen in this place.
 G = Mean time per level.
                   A        B        C        D        E       F      G
               +--------+--------+--------+--------+--------+-----+--------+
         Total |   5216 |   5039 |    177 |      0 |   4029 |   3 | 1738.7 |
       Dungeon |   5216 |   5039 |    177 |      0 |   4029 |   3 | 1738.7 |
               +--------+--------+--------+--------+--------+-----+--------+

Top non-repeatable levels by time:
     D:3: 2754 daAuts
     D:2: 1311 daAuts
     D:1: 1150 daAuts
